TOP OF THE 1ST |
Niagara Falls Phantoms batting - Pitching for Canton Indians : LHP Sterling Peyton
|
Pitching: LHP Sterling Peyton
|
|
Batting: RHB Alfredo Mendez
|
0-0: Swinging Strike 0-1: Foul Ball, location: 2F 0-2: Fly out, F7 (Flyball, 7D, EV 88.8 MPH)
|
Batting: SHB Bruce Shelton
|
0-0: Ball 1-0: Ball 2-0: Foul Ball, location: 2F 2-1: Foul Ball, location: 2F 2-2: Strikes out swinging
|
Batting: RHB Jonathan Feldstein
|
0-0: Called Strike 0-1: Ball 1-1: Foul Ball, location: 2F 1-2: Ball 2-2: Ball 3-2: Strikes out swinging
|
Top of the 1st over - 0 runs, 0 hits, 0 errors, 0 left on base; Niagara Falls 0 - Canton 0 |
BOTTOM OF THE 1ST |
Canton Indians batting - Pitching for Niagara Falls Phantoms : RHP Tim Berberich
|
Pitching: RHP Tim Berberich
|
|
Batting: RHB Cruz Castro
|
0-0: Ball 1-0: SINGLE (Groundball, 34D, EV 100.0 MPH)
|
Batting: LHB Mike Humfleet
|
0-0: Ball 1-0: Ball 2-0: Ball 3-0: Called Strike 3-1: Called Strike 3-2: SINGLE (Groundball, 6MD, EV 98.1 MPH) Cruz Castro to second Cruz Castro to third
|
Batting: RHB Rob Marti
|
0-0: Called Strike 0-1: Ball 1-1: Swinging Strike 1-2: Strikes out swinging
|
Batting: SHB Bob Ledlow
|
0-0: Foul Ball, location: 2F 0-1: Called Strike 0-2: Strikes out swinging
|
Batting: LHB Jason Kessler
|
0-0: Called Strike 0-1: Ground out 4-3 (Groundball, 34, EV 81.2 MPH)
|
Bottom of the 1st over - 0 runs, 2 hits, 0 errors, 2 left on base; Niagara Falls 0 - Canton 0 |
TOP OF THE 2ND |
Niagara Falls Phantoms batting - Pitching for Canton Indians : LHP Sterling Peyton
|
Batting: RHB Scott Cuff
|
0-0: Ball 1-0: Called Strike 1-1: Swinging Strike 1-2: Strikes out swinging
|
Batting: RHB Bailey Hays
|
0-0: Fly out, F5 (Popup, 25F, EV 85.0 MPH)
|
Batting: RHB Jim O'Dwyer
|
0-0: Ball 1-0: Ball 2-0: Ground out 5-3 (Groundball, 56, EV 101.2 MPH)
|
Top of the 2nd over - 0 runs, 0 hits, 0 errors, 0 left on base; Niagara Falls 0 - Canton 0 |
BOTTOM OF THE 2ND |
Canton Indians batting - Pitching for Niagara Falls Phantoms : RHP Tim Berberich
|
Batting: RHB Josh Carini
|
0-0: Called Strike 0-1: Ball 1-1: Fly out, F9 (Flyball, 9LM, EV 90.0 MPH)
|
Batting: SHB Ryan Donohoe
|
0-0: Ball 1-0: Fly out, F8 (Flyball, 8LXD, EV 101.9 MPH)
|
Batting: RHB Ryan Paquette
|
0-0: Ball 1-0: Ball 2-0: Ground out 6-3 (Groundball, 6M, EV 83.8 MPH)
|
Bottom of the 2nd over - 0 runs, 0 hits, 0 errors, 0 left on base; Niagara Falls 0 - Canton 0 |
TOP OF THE 3RD |
Niagara Falls Phantoms batting - Pitching for Canton Indians : LHP Sterling Peyton
|
Batting: LHB Rip Log
|
0-0: Called Strike 0-1: Swinging Strike 0-2: Ball 1-2: Strikes out swinging
|
Batting: RHB Greg Oxford
|
0-0: Foul Ball, location: 2F 0-1: Called Strike 0-2: Strikes out swinging
|
Batting: RHB Juan Perez
|
0-0: Called Strike 0-1: Fly out, F7 (Line Drive, 78S, EV 101.2 MPH)
|
Top of the 3rd over - 0 runs, 0 hits, 0 errors, 0 left on base; Niagara Falls 0 - Canton 0 |
BOTTOM OF THE 3RD |
Canton Indians batting - Pitching for Niagara Falls Phantoms : RHP Tim Berberich
|
Batting: SHB Jose Abreu
|
0-0: Ball 1-0: Foul Ball, location: 2F 1-1: Fly out, F8 (Flyball, 8LM, EV 82.5 MPH)
|
Batting: RHB Cruz Castro
|
0-0: Ball 1-0: Ground out 5-3 (Groundball, 5, EV 86.9 MPH)
|
Batting: LHB Mike Humfleet
|
0-0: Called Strike 0-1: Foul Ball, location: 2F 0-2: Strikes out swinging
|
Bottom of the 3rd over - 0 runs, 0 hits, 0 errors, 0 left on base; Niagara Falls 0 - Canton 0 |
TOP OF THE 4TH |
Niagara Falls Phantoms batting - Pitching for Canton Indians : LHP Sterling Peyton
|
Batting: RHB Alfredo Mendez
|
0-0: Ball 1-0: Ball 2-0: TRIPLE (Line Drive, 78XD, EV 100.6 MPH)
|
Batting: SHB Bruce Shelton
|
0-0: Called Strike 0-1: 2-RUN HOME RUN (Flyball, 7D, EV 104.4 MPH), Distance : 406 ft
|
Batting: RHB Jonathan Feldstein
|
0-0: Ball 1-0: Foul Ball, location: 2F 1-1: Called Strike 1-2: Ball 2-2: Foul Ball, location: 2F 2-2: Ball 3-2: Base on Balls
|
Batting: RHB Scott Cuff
|
0-0: Ball 1-0: Ground out 6-3 (Groundball, 6S, EV 73.1 MPH) Jonathan Feldstein to second
|
Batting: RHB Bailey Hays
|
0-0: Foul Ball, location: 2F 0-1: Swinging Strike 0-2: Strikes out swinging
|
Batting: RHB Jim O'Dwyer
|
0-0: Fly out, F5 (Flyball, 5D, EV 83.1 MPH)
|
Top of the 4th over - 2 runs, 2 hits, 0 errors, 1 left on base; Niagara Falls 2 - Canton 0 |
BOTTOM OF THE 4TH |
Canton Indians batting - Pitching for Niagara Falls Phantoms : RHP Tim Berberich
|
Batting: RHB Rob Marti
|
0-0: Swinging Strike 0-1: TRIPLE (Line Drive, 78XD, EV 101.9 MPH)
|
Batting: SHB Bob Ledlow
|
0-0: Called Strike 0-1: 2-RUN HOME RUN (Flyball, 7LD, EV 96.2 MPH), Distance : 382 ft
|
Batting: LHB Jason Kessler
|
0-0: Ball 1-0: SOLO HOME RUN (Flyball, 7D, EV 103.8 MPH), Distance : 382 ft
|
Batting: RHB Josh Carini
|
0-0: Ball 1-0: Ground out 5-3 (Groundball, 56, EV 91.2 MPH)
|
Batting: SHB Ryan Donohoe
|
0-0: Ball 1-0: Called Strike 1-1: Ball 2-1: Foul Ball, location: 2F 2-2: Ball 3-2: Foul Ball, location: 2F 3-2: Base on Balls
|
Batting: RHB Ryan Paquette
|
0-0: Called Strike 0-1: Ball 1-1: Foul Ball, location: 2F 1-2: Strikes out swinging
|
Batting: SHB Jose Abreu
|
0-0: Ball 1-0: Foul Ball, location: 2F 1-1: SINGLE (Line Drive, 89S, EV 94.4 MPH) Ryan Donohoe to second
|
Batting: RHB Cruz Castro
|
0-0: Ball 1-0: Foul Ball, location: 2F 1-1: Foul Ball, location: 2F 1-2: Ball 2-2: Foul Ball, location: 2F 2-2: Fielders Choice at 2nd, 6-4 (Groundball, 6, EV 86.2 MPH)
|
Bottom of the 4th over - 3 runs, 4 hits, 0 errors, 2 left on base; Niagara Falls 2 - Canton 3 |
TOP OF THE 5TH |
Niagara Falls Phantoms batting - Pitching for Canton Indians : LHP Sterling Peyton
|
Batting: LHB Rip Log
|
0-0: Called Strike 0-1: Swinging Strike 0-2: Foul Ball, location: 2F 0-2: Ball 1-2: Strikes out swinging
|
Batting: RHB Greg Oxford
|
0-0: Foul Ball, location: 2F 0-1: Ball 1-1: Foul Ball, location: 2F 1-2: Strikes out swinging
|
Batting: RHB Juan Perez
|
0-0: Ball 1-0: Swinging Strike 1-1: Ball 2-1: Ball 3-1: Foul Ball, location: 2F 3-2: Foul Ball, location: 2F 3-2: Strikes out swinging, 2-3 out at first.
|
Top of the 5th over - 0 runs, 0 hits, 0 errors, 0 left on base; Niagara Falls 2 - Canton 3 |
BOTTOM OF THE 5TH |
Canton Indians batting - Pitching for Niagara Falls Phantoms : RHP Tim Berberich
|
Batting: LHB Mike Humfleet
|
0-0: Ground out U3 (Groundball, 13, EV 76.9 MPH)
|
Batting: RHB Rob Marti
|
0-0: Foul Ball, location: 2F 0-1: Ball 1-1: Called Strike 1-2: Foul Ball, location: 2F 1-2: Ball 2-2: Ball 3-2: Ground out U3 (Groundball, 34D, EV 82.5 MPH)
|
Batting: SHB Bob Ledlow
|
0-0: Called Strike 0-1: Called Strike 0-2: Ball 1-2: DOUBLE (Line Drive, 89M, EV 93.1 MPH)
|
Batting: LHB Jason Kessler
|
0-0: Ball 1-0: Called Strike 1-1: Ball 2-1: Foul Ball, location: 2F 2-2: Ball 3-2: DOUBLE (Flyball, 89XD, EV 113.8 MPH) Bob Ledlow scores
|
Batting: RHB Josh Carini
|
0-0: Ball 1-0: Foul Ball, location: 2F 1-1: Swinging Strike 1-2: Ball 2-2: Strikes out swinging
|
Bottom of the 5th over - 1 run, 2 hits, 0 errors, 1 left on base; Niagara Falls 2 - Canton 4 |
TOP OF THE 6TH |
Niagara Falls Phantoms batting - Pitching for Canton Indians : LHP Sterling Peyton
|
Batting: RHB Alfredo Mendez
|
0-0: Ball 1-0: Foul Ball, location: 2F 1-1: Called Strike 1-2: Ground out 5-3 (Groundball, 56, EV 81.9 MPH)
|
Batting: SHB Bruce Shelton
|
0-0: Ball 1-0: Foul Ball, location: 2F 1-1: Fly out, F9 (Flyball, 89D, EV 100.6 MPH)
|
Batting: RHB Jonathan Feldstein
|
0-0: Ball 1-0: Ball 2-0: Swinging Strike 2-1: Ball 3-1: Ground out 6-3 (Groundball, 6, EV 89.4 MPH)
|
Top of the 6th over - 0 runs, 0 hits, 0 errors, 0 left on base; Niagara Falls 2 - Canton 4 |
BOTTOM OF THE 6TH |
Canton Indians batting - Pitching for Niagara Falls Phantoms : RHP Tim Berberich
|
Batting: SHB Ryan Donohoe
|
0-0: Fly out, F6 (Line Drive, 6M, EV 72.5 MPH)
|
Batting: RHB Ryan Paquette
|
0-0: Ball 1-0: Called Strike 1-1: Foul Ball, location: 2F 1-2: SINGLE (Groundball, 6MD, EV 93.8 MPH)
|
Batting: SHB Jose Abreu
|
0-0: Called Strike 0-1: Ball 1-1: Fly out, F9 (Flyball, 89M, EV 89.4 MPH)
|
Batting: RHB Cruz Castro
|
0-0: Ball 1-0: Called Strike 1-1: Ball 2-1: Ball 3-1: SINGLE (Line Drive, 8LS, EV 104.4 MPH) Ryan Paquette to second
|
Batting: LHB Mike Humfleet
|
0-0: Swinging Strike 0-1: Ball 1-1: Fly out, F7 (Flyball, 7, EV 89.4 MPH)
|
Bottom of the 6th over - 0 runs, 2 hits, 0 errors, 2 left on base; Niagara Falls 2 - Canton 4 |
TOP OF THE 7TH |
Niagara Falls Phantoms batting - Pitching for Canton Indians : LHP Sterling Peyton
|
Now in LF: Aubrey Regimbald
|
|
Now in RF: Tom Auld
|
|
Batting: RHB Scott Cuff
|
0-0: Ball 1-0: Foul Ball, location: 2F 1-1: Foul Ball, location: 2F 1-2: Strikes out looking
|
Pinch Hitting: RHB Jose Villanueva
|
0-0: Swinging Strike 0-1: Ball 1-1: Swinging Strike 1-2: Strikes out looking
|
Batting: RHB Jim O'Dwyer
|
0-0: Swinging Strike 0-1: Ball 1-1: Ball 2-1: Called Strike 2-2: Strikes out swinging
|
Top of the 7th over - 0 runs, 0 hits, 0 errors, 0 left on base; Niagara Falls 2 - Canton 4 |
BOTTOM OF THE 7TH |
Canton Indians batting - Pitching for Niagara Falls Phantoms : RHP Tim Berberich
|
Now in LF: Victor Reyna
|
|
Batting: RHB Rob Marti
|
0-0: Swinging Strike 0-1: Ball 1-1: Ball 2-1: Ball 3-1: Foul Ball, location: 2F 3-2: Strikes out swinging
|
Batting: SHB Bob Ledlow
|
0-0: Ball 1-0: Ball 2-0: Ball 3-0: Called Strike 3-1: Base on Balls
|
Pitching: LHP Jordan Cane
|
|
Batting: SHB Henri Chardon
|
0-0: Called Strike 0-1: Ball 1-1: Ball 2-1: Called Strike 2-2: Strikes out swinging
|
Pitching: RHP Jared Lesko
|
|
Batting: RHB Josh Carini
|
0-0: Called Strike 0-1: Foul Ball, location: 2F 0-2: Strikes out swinging
|
Bottom of the 7th over - 0 runs, 0 hits, 0 errors, 1 left on base; Niagara Falls 2 - Canton 4 |
TOP OF THE 8TH |
Niagara Falls Phantoms batting - Pitching for Canton Indians : LHP Sterling Peyton
|
Pinch Hitting: RHB Todd Wolters
|
0-0: Ball 1-0: Ball 2-0: Ground out 5-3 (Groundball, 56S, EV 88.8 MPH)
|
Batting: RHB Greg Oxford
|
0-0: Ball 1-0: Called Strike 1-1: Ball 2-1: Foul Ball, location: 2F 2-2: SINGLE (Groundball, 6D, EV 94.4 MPH)
|
Pinch Hitting: LHB Luis Ponce
|
0-0: Ball 1-0: Ball 2-0: Called Strike 2-1: Called Strike 2-2: Foul Ball, location: 2F 2-2: Strikes out swinging
|
Batting: RHB Alfredo Mendez
|
0-0: Called Strike 0-1: Ball 1-1: Foul Ball, location: 2F 1-2: Strikes out swinging
|
Top of the 8th over - 0 runs, 1 hit, 0 errors, 1 left on base; Niagara Falls 2 - Canton 4 |
BOTTOM OF THE 8TH |
Canton Indians batting - Pitching for Niagara Falls Phantoms : RHP Jared Lesko
|
Now at SS: Todd Wolters
|
|
Now in LF: Luis Ponce
|
|
Now in RF: Victor Reyna
|
|
Batting: RHB Aubrey Regimbald
|
0-0: Called Strike 0-1: Ball 1-1: Ball 2-1: Ball 3-1: Base on Balls
|
Batting: RHB Ryan Paquette
|
0-0: Fly out, F7 (Flyball, 7, EV 80.0 MPH)
|
Batting: SHB Jose Abreu
|
0-0: Swinging Strike 0-1: Fielders Choice at 2nd, 4-6 (Groundball, 4, EV 82.5 MPH)
|
Now at SS: Brian Biordi
|
|
Batting: RHB Cruz Castro
|
0-0: Ball Jose Abreu steals 2nd, throwing error, E2 Jose Abreu to third 1-0: Ball 2-0: Called Strike 2-1: Fly out, F8 (Flyball, 78M, EV 96.2 MPH)
|
Bottom of the 8th over - 0 runs, 0 hits, 1 error, 1 left on base; Niagara Falls 2 - Canton 4 |
TOP OF THE 9TH |
Niagara Falls Phantoms batting - Pitching for Canton Indians : LHP Sterling Peyton
|
Pitching: LHP Sam Johnson
|
|
Batting: SHB Bruce Shelton
|
0-0: Ball 1-0: Swinging Strike 1-1: Called Strike 1-2: Ball 2-2: Strikes out looking
|
Batting: RHB Jonathan Feldstein
|
0-0: Ball 1-0: Fly out, F9 (Line Drive, 9LM, EV 106.2 MPH)
|
Batting: RHB Scott Cuff
|
0-0: Ball 1-0: Swinging Strike 1-1: Foul Ball, location: 2F 1-2: Ball 2-2: Strikes out looking
|
Top of the 9th over - 0 runs, 0 hits, 0 errors, 0 left on base; Niagara Falls 2 - Canton 4 |
|